 Dungeon Crawl Stone Soup version 0.31-a0-744-gbc345e7fcb (webtiles) character file.

Game seed: 9348760889143428738

211116 WhatIsLove the Impregnable (level 19, -12/170 HPs)
             Began as a Hill Orc Monk on Sept 13, 2023.
             Was a High Priest of Beogh.
             Mangled by Agrik the orc warlord
             ... wielding a +0 battleaxe
              (42 damage)
             ... on level 3 of the Depths on Sept 14, 2023.
             The game lasted 01:31:37 (34264 turns).

WhatIsLove the Impregnable (Hill Orc Monk)         Turns: 34264, Time: 01:31:38

Health: -12/170    AC: 39    Str: 22    XL:     19   Next: 28%
Magic:  22/32      EV: 16    Int: 10    God:    Beogh [*****.]
Gold:   1494       SH: 13    Dex: 15    Spells: 36/36 levels left

rFire   + . .        b - +8 mithril axe "Arga" {speed, Will+}
rCold   + + +        a - +5 kite shield of the Cricket {rC+}
rNeg    . . .        m - +7 gold dragon scales
rPois   +            L - +2 helmet of Festooned Knowledge {Dex+2}
rElec   .            Q - +0 cloak
rCorr   .            p - +0 pair of gloves {Stlth+}
SInv    .            C - +2 pair of boots
Will    ++...        W - amulet of Ykifiz {Faith Slay+2} Stlth
                     I - +5 ring of evasion
HPRegen 0.48/turn    u - ring of Vuqanki {rC+ EV+5 Stlth+}
MPRegen 0.23/turn

%: faith
@: corroded
A: walk on water
a: Renounce Religion, Smiting, Recall Orcish Followers, Give Item to Named
Follower


You were on level 3 of the Depths.
You worshipped Beogh.
Beogh was extremely pleased with you.
You visited 4 branches of the dungeon, and saw 25 of its levels.
You visited the Abyss 1 time.
You also visited: Ossuary, Bailey and Gauntlet.

You collected 3036 gold pieces.
You spent 1542 gold pieces at shops.

Inventory:

Hand Weapons
 b - the +8 mithril axe "Arga" (weapon) {speed, Will+}
   (You acquired it on level 15 of the Dungeon)

   Will+:     It increases your willpower.
 w - a +3 vampiric lajatang
 U - the +1 battleaxe "Daplujoc" {freeze, *Corrode Will+ MP+9}
   (You found it on level 10 of the Dungeon)

   Will+:     It increases your willpower.
   MP+9:      It affects your magic capacity (+9).
   *Corrode:  It may corrode you when you take damage.
 V - the +7 rapier of Charity {vamp, +Blink rF+ rCorr Str-2}
   (You found it in a Gauntlet)

   Str-2:     It affects your strength (-2).
   rF+:       It protects you from fire.
   +Blink:    It lets you blink.
   rCorr:     It protects you from acid and corrosion.
Missiles
 c - 8 boomerangs (quivered)
 G - 7 javelins
 R - 15 curare-tipped darts
Armour
 a - the +5 kite shield of the Cricket (worn) {rC+}
   (You found it on level 3 of the Depths)

   rC+:       It protects you from cold.
 d - an orb of light
 m - +7 gold dragon scales (worn)
 p - a +0 pair of gloves of stealth (worn)
 C - a +2 pair of boots (worn)
 E - the +8 faerie dragon scales {rN++ rCorr Str-5}
   (You took it off the Enchantress on level 1 of the Depths)

   Str-5:     It affects your strength (-5).
   rN++:      It greatly protects you from negative energy.
   rCorr:     It protects you from acid and corrosion.
 K - a +1 crystal plate armour
 L - the +2 helmet of Festooned Knowledge (worn) {Dex+2}
   (You found it in a bailey)

   Dex+2:     It affects your dexterity (+2).
 Q - a +0 cloak (worn)
 Z - a +1 tower shield of positive energy
Jewellery
 e - a +6 ring of strength
 l - the ring "Xazapn" {rElec rC+ rN+ Int+3}
   (You found it on level 4 of the Lair of Beasts)

   [ring of positive energy]

   Int+3:     It affects your intelligence (+3).
   rC+:       It protects you from cold.
   rElec:     It insulates you from electricity.
   rN+:       It protects you from negative energy.
 u - the ring of Vuqanki (right hand) {rC+ EV+5 Stlth+}
   (You found it in a Gauntlet)

   [ring of evasion]

   EV+5:      It affects your evasion (+5).
   rC+:       It protects you from cold.
   Stlth+:    It makes you more stealthy.
 I - a +5 ring of evasion (left hand)
 W - the amulet of Ykifiz (around neck) {Faith Slay+2}
   (You found it in a Gauntlet)

   [amulet of faith]

   Faith:     It allows you to gain divine favour quickly.
   Slay+2:    It affects your accuracy & damage with ranged weapons and melee
   (+2).
 X - the ring "Nuubb" {rPois Dex+3}
   (You found it on level 9 of the Dungeon)

   [ring of poison resistance]

   Dex+3:     It affects your dexterity (+3).
   rPois:     It protects you from poison
Wands
 k - a wand of light (6)
 o - a wand of roots (21)
 q - a wand of mindburst (24)
 F - a wand of charming (14)
 H - a wand of digging (2)
Scrolls
 f - 15 scrolls of teleportation
 g - 11 scrolls of fear
 j - 6 scrolls of poison
 n - 5 scrolls of identify
 s - a scroll of brand weapon
 x - 4 scrolls of blinking
 y - a scroll of enchant weapon
 M - 6 scrolls of revelation
 N - 6 scrolls of immolation
 O - 4 scrolls of fog
 S - 3 scrolls of vulnerability
Potions
 h - 3 potions of invisibility
 i - 7 potions of curing
 r - a potion of haste
 t - 6 potions of heal wounds
 z - 4 potions of enlightenment
 A - 3 potions of brilliance
 B - 5 potions of magic
 D - a potion of berserk rage
 J - 6 potions of lignification
 P - 3 potions of mutation
 T - a potion of attraction
 Y - 3 potions of might


   Skills:
 + Level 15.1 Fighting
 + Level 18.1 Axes
 + Level 6.0 Throwing
 - Level 23.0 Armour
 - Level 2.4 Dodging
 * Level 1.2 Shields
 - Level 9.1 Spellcasting
 * Level 15.1 Invocations


You had 36 spell levels left.
You didn't know any spells.
Your spell library contained the following spells:

 Spells                   Type           Power      Damage    Failure   Level
 Freeze                   Ice            16%        1d4       99%         1
 Cigotuvi's Dreadful Rot  Necr/Pois/Air  8%         N/A       100%        2
 Ensorcelled Hibernation  Hex/Ice        8%         N/A       100%        2
 Lesser Beckoning         Tloc           8%         N/A       100%        2
 Passwall                 Tmut/Erth      3%         N/A       100%        2
 Sublimation of Blood     Necr           4%         N/A       100%        2
 Wereblood                Tmut           4%         N/A       100%        2
 Frozen Ramparts          Ice            8%         1d2       100%        3
 Hailstorm                Conj/Ice       4%         3d4       100%        3
 Ignite Poison            Fire/Tmut/Pois 4%         N/A       100%        3
 Inner Flame              Hex/Fire       4%         N/A       100%        3
 Swiftness                Air            4%         N/A       100%        3
 Tukima's Dance           Hex            4%         N/A       100%        3
 Dimensional Bullseye     Hex/Tloc       2%         N/A       100%        4
 Iskenderun's Mystic Bla  Conj/Tloc      4%         2d3       100%        4
 Olgreb's Toxic Radiance  Pois           4%         N/A       100%        4
 Passage of Golubria      Tloc           4%         N/A       100%        4
 Petrify                  Tmut/Erth      4%         N/A       100%        4
 Sticky Flame             Conj/Fire      4%         2d3       100%        4
 Summon Ice Beast         Ice/Summ       4%         N/A       100%        4
 Alistair's Intoxication  Tmut/Pois      2%         N/A       100%        5
 Borgnjor's Vile Clutch   Necr/Erth      2%         N/A       100%        5
 Fireball                 Conj/Fire      2%         3d4       100%        5
 Irradiate                Conj/Tmut      2%         3d12      100%        5
 Iskenderun's Battlesphe  Conj           4%         2d6       100%        5
 Silence                  Hex/Air        2%         N/A       100%        5
 Yara's Violent Unravell  Hex/Tmut       2%         3d3       100%        5
 Conjure Ball Lightning   Conj/Air       2%         3x3d6     100%        6
 Eringya's Noxious Bog    Tmut/Pois      2%         4d6       100%        6
 Simulacrum               Ice/Necr       2%         N/A       100%        6
 Enfeeble                 Hex            2%         N/A       100%        7
 Haunt                    Necr/Summ      2%         N/A       100%        7
 Malign Gateway           Summ/Tloc      2%         N/A       100%        7
 Orb of Destruction       Conj           2%         9d5       100%        7
 Borgnjor's Revivificati  Necr           2%         N/A       100%        8
 Discord                  Hex            2%         N/A       100%        8
 Disjunction              Tloc           2%         N/A       100%        8
 Ignition                 Fire           2%         3d3       100%        8
 Lehudib's Crystal Spear  Conj/Erth      2%         10d2      100%        8
 Chain Lightning          Conj/Air       2%         3d2       100%        9
 Death's Door             Necr           2%         N/A       100%        9
 Fire Storm               Conj/Fire      2%         8d1       100%        9
 Shatter                  Erth           2%         3d6*      100%        9


Dungeon Overview and Level Annotations

Branches:
Dungeon (15/15) Temple (0/1) D:4 Lair (5/5) D:11 Swamp (0/4) Lair:3 Snake (0/4) Lair:3 Slime (0/5) Lair:4 Orc (2/2) D:9 Elf (0/3) Orc:2 Vaults (0/5) D:13 D:14 Depths (3/4) D:15 Ossuary (visited) Bailey (visited) Gauntlet (visited)

Altars:
Dithmenos
Elyvilon
Gozag
Hepliaklqana
Makhleb
Ru
Vehumet
Beogh
Jiyva

Shops:
D:1 [   D:3 *   D:6 *   D:7 ?   D:10 (=(*   Orc:2 (*[:   Depths:1 ((
Depths:3 :==

Portals:
Hell: Lair:5 Depths:1 Depths:2 Depths:3
Abyss: Depths:1 Depths:3
Pandemonium: Depths:1 Depths:2 Depths:3
Ziggurat: Depths:1

Annotations:
D:1 2 transporters
D:11 2 runed translucent doors, Vorhees's ghost, journeyman OpSh


Message History

Your ynoxinul gestures.
Agrik closely misses Bogwald.
Unknown command.
Unknown command.
Unknown command.
You swap places.
You feel sick.
You are no longer poisoned.
Gorbash hits the tengu reaver simulacrum with the +8 morningstar "Tiymn" {freeze, Will+ SInv}!!
The spectral golden dragon bites Urtork!
The spectral golden dragon claws Urtork!
The spectral golden dragon closely misses Urtork.
The spectral tengu reaver hits Gorbash.
The spectral tengu reaver pecks Gorbash but does no damage.
The spectral tengu reaver misses Gorbash.
The tengu reaver simulacrum hits Gorbash!
The tengu reaver simulacrum freezes Gorbash!!
The tengu reaver simulacrum pecks Gorbash.
The tengu reaver simulacrum freezes Gorbash!!
The tengu reaver simulacrum claws Gorbash but does no damage.
Bogwald hits the tengu reaver simulacrum with a +0 dire flail!!
The tengu reaver simulacrum vaporises!
Beogh accepts your kill.
Ortolf hits the spectral golden dragon with a +0 great sword!!!
Borgoth is engulfed in noxious fumes.
Borgoth appears confused.
Borgoth hits Morbeogh with a +2 vampiric broad axe!!
Borgoth is healed.
Borgoth hits itself with a +2 vampiric broad axe.
Argrim hits Bogwald with a +0 halberd!!
Gorbash is engulfed in noxious fumes.
Gorbash hits the tengu reaver simulacrum with a +2 trident!!
Orkwin hits the spectral golden dragon from afar with a +0 spear!
Urtork hits the spectral golden dragon with a +0 dagger!!
The shadow dragon simulacrum closely misses Gorbash.
The shadow dragon simulacrum claws Gorbash.
The shadow dragon simulacrum freezes Gorbash!!
The shadow dragon simulacrum barely misses Gorbash.
Morbeogh hits the spectral golden dragon from afar with a +0 halberd!
Agrik hits you with a +0 battleaxe!!!
You die...
Beogh appreciates Agrik's killing of a heretic priest.

#.#'#.#####..#
#.#...#.#∩#..#
#.#'###'#.#... # # ###
###.#.#.o.#.#.#.
#.#.#.####5..#'#o#o#.#...
#$...Z#.oo35.#...#.'.#.#§
##|..Zooo#o..#########.#.
#.[..ZZooo5............#.
##?...Zoo4)..............
#$=...#ooo...............
#.#.#.####...#...........
# # ###..##..........####
#...............####
###..#................
#....#................
###...................
#..........##.......


You could see a spectral golden dragon (ally target), a spectral tengu reaver
(ally target), a shadow dragon simulacrum, an iron dragon simulacrum, a tengu
reaver simulacrum (ally target), the friendly Agrik the orc warlord (strong,
confused, poisoned, corroded), the friendly Borgoth the orc warlord (strong,
confused, very poisoned), the friendly Morbeogh the orc warlord (strong,
poisoned), the friendly Argrim the orc knight (strong, confused, very poisoned),
the friendly Beowulf the orc knight (strong, very poisoned), the friendly
Bogwald the orc knight (strong, poisoned), the friendly Borgun the orc knight
(strong), 2 friendly orc knights, the friendly Orkwin the orc knight (strong),
the friendly Ortolf the orc knight (strong, very poisoned), the friendly Urtork
the orc knight (strong, very poisoned), the friendly Borgk the orc high priest
(strong, poisoned), a friendly ynoxinul (summoned), a friendly chaos spawn
(summoned) and 2 friendly ufetubi.

Vanquished Creatures
  An ancient lich (Depths:3)
  A golden dragon (Depths:3)
  the Enchantress (Depths:1)
  A lich (Depths:1)
  2 walking crystal tomes
  A titan (Depths:3)
  A sphinx (Depths:1)
  The ghost of Behejivea the Destroyer, an adept DsEE of Gozag (D:15)
  The ghost of Ge0ff the Brawler, an adept TrHW of Nemelex Xobeh (D:14)
  A tengu reaver (Depths:1)
  2 fire giants
  3 iron dragons
  7 frost giants
  A spriggan defender (Depths:1)
  2 very ugly things (Depths:3)
  The ghost of WhatIsLove the Warrior, a journeyman HOMo of Beogh (D:15)
  2 vampire knights
  4 stone giants
  A dire elephant (Depths:1)
  3 spark wasps
  5 fire dragons
  7 ettins
  Josephine (D:14)
  An entropy weaver (shapeshifter) (D:13)
  An ogre mage (Depths:1)
  2 centaur warriors
  2 spriggan air magi
  2 rakshasas
  2 boulder beetles
  A catoblepas (Lair:5)
  3 two-headed ogres (Depths:1)
  2 deep troll shamans
  A deep troll earth mage (Depths:3)
  A hell knight (Depths:1)
  4 death yaks
  A wretched star (Abyss:2)
  2 sun demons (Abyss:2)
  A deep elf knight (D:15)
  2 iron trolls
  2 spriggans (Depths:1)
  3 skeletal warriors (D:14)
  A sixfirhy (Lair:5)
  2 starcursed masses (Abyss:2)
  2 deep trolls
  4 wizards
  2 flayed ghosts
  4 glowing orange brains
  A spriggan simulacrum (Depths:3)
  A phantasmal warrior (Depths:2)
  A lindwurm (Lair:4)
  3 deep elf pyromancers
  A cyclops (D:13)
  18 ugly things
  A deep elf zephyrmancer (D:14)
  2 manticores
  2 orc knights
  2 worldbinders (Abyss:2)
  2 black mambas
  A smoke demon (Abyss:2)
  A torpor snail (Lair:1)
  An eye of devastation (Abyss:2)
  Joseph (D:7)
  6 elephants
  An unseen horror (D:11)
  2 orange demons (Lair:5)
  6 cane toads
  2 kobold demonologists
  5 komodo dragons
  3 rime drakes
  A freezing wraith (D:10)
  2 meliai (D:13)
  2 red devils (Lair:5)
  A tyrant leech (Lair:3)
  3 hornets (Depths:1)
  A troll (D:9)
  A queen bee (D:13)
  2 polar bears
  3 blink frogs (Lair:3)
  A wolf spider simulacrum (D:14)
  7 raiju (Abyss:2)
  4 large abominations (Abyss:2)
  2 slime creatures (D:14)
  9 flying skulls (Gauntlet)
  4 centaur simulacra (D:10)
  A spriggan (shapeshifter) (D:14)
  A vampire (D:12)
  23 yaks
  10 humans (D:14)
  5 wraiths
  A neqoxec (Abyss:2)
  A hog (shapeshifter) (D:13)
  2 chaos spawn (Abyss:2)
  5 golden eyes (Abyss:2)
  10 vampire mosquitoes
  A basilisk (Lair:2)
  A yak (shapeshifter) (D:14)
  Menkaure (D:4)
  2 swamp worms (Lair:3)
  10 water moccasins
  A naga (Lair:3)
  A hell hound (Lair:5)
  Duvessa (D:5)
  An acid dragon (D:11)
  8 orc warriors
  2 ice beasts
  A sky beast (D:7)
  2 ogres
  2 centaurs
  4 wolves (Lair:3)
  2 phantoms
  8 kobold brigands
  9 bullfrogs
  4 scorpions
  4 water moccasin zombies (Ossuary)
  Dowan (D:5)
  4 wights (D:8)
  9 killer bees
  5 howler monkeys
  2 hounds
  2 jellies
  A quasit (Abyss:2)
  9 orc priests
  3 iguanas
  A sleepcap (D:7)
  10 orc wizards
  4 small abominations (Abyss:2)
  2 mummies (Ossuary)
  14 gnolls
  11 adders
  A shadow imp (D:7)
  A white imp (D:5)
  An ufetubus (D:6)
  5 adder zombies (Ossuary)
  2 worms
  6 dart slugs
  18 orcs
  16 ball pythons
  8 endoplasms
  4 giant cockroaches
  13 goblins
  5 hobgoblins
  2 jackals (D:2)
  8 quokkas
  5 bats
  2 frilled lizards
  7 gnoll zombies (Ossuary)
  3 hobgoblin zombies (Ossuary)
  28 kobolds
  4 kobold zombies (Ossuary)
  3 orc zombies (Ossuary)
  4 rats
  A lurking horror (Abyss:2)
  A spectral weapon (Depths:1)
554 creatures vanquished.

Vanquished Creatures (collateral kills)
  A juggernaut (Depths:1)
  2 caustic shrikes (Depths:2)
  The ghost of inmateoo the Rich, a veteran GnVM of Gozag (Depths:3)
  Rupert (D:14)
  A lich (Depths:3)
  3 quicksilver dragons
  The ghost of Behejivea the Destroyer, an adept DsEE of Gozag (D:15)
  The ghost of Koud Lun the Slayer, an adept DjCj of Ashenzari (D:15)
  A frost giant (Depths:1)
  7 fire giants
  An iron dragon (D:15)
  2 spriggan defenders (Depths:1)
  An orc warlord (Orc:1)
  A reaper (Depths:1)
  9 very ugly things
  7 stone giants
  3 vampire knights
  A minotaur (Gauntlet)
  5 dire elephants
  4 spark wasps
  3 ettins
  5 fire dragons
  3 great orbs of eyes (Depths:1)
  A spectral spriggan (Depths:3)
  2 ice dragons (Depths:1)
  5 hydras
  2 rakshasas (Depths:1)
  A caustic shrike simulacrum (Depths:3)
  A centaur warrior (D:13)
  3 spriggan air magi
  3 two-headed ogres
  A hell beast (Depths:1)
  Erica (D:9)
  2 boulder beetles
  2 catoblepae
  4 deep troll shamans
  7 death yaks
  A hell hog (Depths:1)
  3 tengu warriors
  6 deep troll earth magi
  A spectral storm dragon (Depths:3)
  3 spriggan berserkers
  An orc high priest (Orc:1)
  4 hell knights (Depths:1)
  2 skysharks (Lair:4)
  Amaemon (D:9)
  5 iron trolls
  A skeletal warrior (D:14)
  A glowing orange brain (Depths:1)
  2 wizards
  10 deep trolls
  2 spriggan simulacra (Depths:3)
  A flayed ghost (Depths:2)
  A phantasmal warrior (Depths:2)
  An orc knight (Orc:1)
  A necromancer (Depths:1)
  A lindwurm (Lair:5)
  A sphinx simulacrum (Depths:3)
  3 ugly things
  An oklob plant (Lair:5)
  2 orc sorcerers (Orc:1)
  A cyclops (D:15)
  An elephant (shapeshifter) (Depths:3)
  5 elephants
  5 black mambas
  2 slime creatures (D:14)
  3 orange demons
  2 smoke demons
  8 cane toads
  5 rime drakes
  8 komodo dragons
  5 tengu conjurers
  A meliai (D:13)
  A hornet (Depths:1)
  A tarantella (shapeshifter) (D:15)
  4 trolls (Orc:1)
  16 blink frogs
  A tengu simulacrum (Depths:3)
  3 spriggans (Depths:1)
  3 wraiths
  A centaur simulacrum (D:10)
  6 humans (D:14)
  3 wyverns
  12 yaks
  A steam dragon (D:7)
  A vampire (D:13)
  2 basilisks
  A naga (Lair:3)
  A warg (Orc:1)
  9 water moccasins
  An acid dragon (D:11)
  A floating eye (Depths:1)
  4 hell hounds (Lair:5)
  An ice beast (D:6)
  15 orc warriors
  A sky beast (D:8)
  A black bear (D:11)
  A sky beast (shapeshifter) (D:15)
  7 ogres
  4 centaurs
  4 kobold brigands (D:9)
  A scorpion (D:11)
  4 bullfrogs
  5 gnoll sergeants (D:9)
  A wight (D:8)
  6 killer bees
  4 howler monkeys
  Crazy Yiuf (D:6)
  6 orc priests
  A gnoll bouda (D:9)
  2 iguanas
  7 orc wizards
  3 gnolls (D:9)
  9 orcs
  2 kobolds (D:9)
  A butterfly (Lair:5)
  2 spectral weapons (Depths:1)
361 creatures vanquished.

Vanquished Creatures (others)
  A tengu reaver (D:15)
  The ghost of Koud Lun the Slayer, an adept DjCj of Ashenzari (D:15)
  The ghost of Kaerphakk the Slayer, an adept DjCj of Ashenzari (D:15)
  The ghost of Guofuxagu the Brawler, a journeyman TrCA of Jiyva (D:15)
  The ghost of WhatIsLove the Severer, a journeyman HOMo of Beogh (D:15)
  Nessos (D:14)
  A dire elephant (Depths:2)
  A centaur warrior (D:15)
  An orc high priest (Depths:1)
  3 orc sorcerers
  Nergalle (Depths:1)
  5 orc knights
  A wolf spider (D:15)
  10 orc warriors
  A freezing wraith (D:15)
  A raiju (Abyss:2)
  A centaur simulacrum (D:15)
  8 orc priests
  9 orc wizards
  2 ufetubi
  32 orcs
  4 ball lightnings (D:15)
  A lurking horror (Abyss:2)
88 creatures vanquished.

Grand Total: 1003 creatures vanquished

Notes
Turn   | Place    | Note
-------+----------+-------------------------------------------
     0 | D:1      | WhatIsLove the Hill Orc Monk began the quest for the Orb.
     0 | D:1      | Reached XP level 1. HP: 19/19 MP: 1/1
    95 | D:1      | Found a transporter.
    97 | D:1      | Found Hatoepa's Armour Boutique.
   179 | D:1      | Reached XP level 2. HP: 23/27 MP: 2/2
   266 | D:1      | Reached skill level 5 in Axes
   294 | D:1      | Reached XP level 3. HP: 33/33 MP: 3/3
   376 | D:1      | Found a transporter.
  1266 | D:2      | Reached XP level 4. HP: 40/40 MP: 4/4
  1921 | D:3      | Reached XP level 5. HP: 46/46 MP: 5/5
  2108 | D:3      | Found Aroukaom's Assorted Antiques.
  2121 | D:3      | Bought a glowing cyan potion for 26 gold pieces
  2121 | D:3      | Bought a clear potion for 26 gold pieces
  2121 | D:3      | Bought a fizzy blue potion for 26 gold pieces
  2121 | D:3      | Bought a scroll labelled QUESTI DENEY for 29 gold pieces
  2121 | D:3      | Bought a scroll labelled QUESTI DENEY for 29 gold pieces
  2121 | D:3      | Bought a scroll labelled CUTHORRUAX for 29 gold pieces
  2223 | D:3      | Found a white marble altar of Elyvilon.
  2365 | D:3      | Found a faded altar of an unknown god.
  2614 | D:3      | Bought a scroll labelled VYNELA FIDGHIE for 29 gold pieces
  2649 | D:4      | Reached XP level 6. HP: 52/52 MP: 6/6
  2673 | D:4      | Noticed Menkaure
  2760 | D:4      | Killed Menkaure
  2761 | D:4      | Reached XP level 7. HP: 12/59 MP: 7/7
  3022 | D:4      | Found a staircase to the Ecumenical Temple.
  3310 | D:4      | Reached skill level 10 in Axes
  3366 | D:4      | Found an opulent altar of Gozag.
  3529 | D:5      | Entered Level 5 of the Dungeon
  3552 | D:5      | Found a burning altar of Makhleb.
  3553 | D:5      | Noticed Dowan
  3557 | D:5      | Noticed Duvessa
  3585 | D:5      | Killed Duvessa
  3586 | D:5      | Killed Dowan
  4036 | D:5      | Became a worshipper of Beogh the Brigand
  4036 | D:5      | Reached * piety under Beogh
  4036 | D:5      | Reached ** piety under Beogh
  4093 | D:5      | Reached XP level 8. HP: 56/66 MP: 8/8
  4494 | D:5      | Found a radiant altar of Vehumet.
  4521 | D:5      | You fall into a shaft and drop 2 floors!
  4621 | D:7      | Noticed Joseph
  4634 | D:7      | Killed Joseph
  4839 | D:7      | Reached XP level 9. HP: 51/71 MP: 9/9
  4869 | D:7      | Reached skill level 15 in Axes
  4870 | D:7      | Reached *** piety under Beogh
  4903 | D:7      | Found a flagged portal.
  4949 | Bailey   | Entered a bailey
  5348 | Bailey   | Got the Book of Dimensional Pollution
  5352 | Bailey   | Identified the +2 helmet of Festooned Knowledge {Dex+2}
  5471 | D:7      | Found Osokiomn's Magic Scroll Shoppe.
  5487 | D:7      | Bought a scroll of blinking for 90 gold pieces
  5487 | D:7      | Bought a scroll of identify for 24 gold pieces
  5487 | D:7      | Bought a scroll of teleportation for 36 gold pieces
  5487 | D:7      | Bought a scroll of immolation for 48 gold pieces
  5487 | D:7      | Bought a scroll of fog for 48 gold pieces
  5487 | D:7      | Bought a scroll of fear for 48 gold pieces
  5846 | D:6      | Reached skill level 1 in Throwing
  6059 | D:6      | Found Decuah's Gadget Gallery.
  6259 | D:6      | Found a sand-covered staircase.
  6263 | Ossuary  | Entered an ossuary
  6306 | Ossuary  | Reached skill level 1 in Armour
  6378 | Ossuary  | Reached skill level 2 in Armour
  6507 | D:6      | Reached **** piety under Beogh
  6674 | D:6      | Reached skill level 3 in Armour
  7269 | D:5      | Reached skill level 4 in Armour
  7658 | D:6      | Found a runed translucent door.
  7659 | D:6      | Noticed Crazy Yiuf
  7664 | D:6      | Killed Crazy Yiuf
  7712 | D:8      | Reached skill level 5 in Armour
  7715 | D:8      | Reached XP level 10. HP: 65/78 MP: 10/10
  7723 | D:8      | Gained Gorbash as an ally
  7724 | D:8      | Reached skill level 6 in Armour
  7968 | D:8      | Noticed a purple ugly thing
  7970 | D:8      | Noticed a deep elf pyromancer
  7972 | D:8      | Noticed a centaur warrior
  7973 | D:8      | Noticed a cyclops
  7974 | D:8      | Noticed a manticore
  8318 | D:9      | Noticed Amaemon
  8321 | D:9      | Noticed an orange demon
  8330 | D:9      | Killed Amaemon
  8331 | D:9      | Reached skill level 7 in Armour
  8334 | D:9      | Killed an orange demon
  8351 | D:9      | Identified the ring "Nuubb" {rPois Dex+3}
  8463 | D:9      | Found a staircase to the Orcish Mines.
  8468 | D:9      | Reached skill level 8 in Armour
  8488 | D:9      | Reached skill level 9 in Armour
  8675 | Orc:1    | Entered Level 1 of the Orcish Mines
  8685 | Orc:1    | Noticed a two-headed ogre
  8686 | Orc:1    | Reached ***** piety under Beogh
  8697 | Orc:1    | Killed a two-headed ogre
  8842 | Orc:1    | Reached skill level 10 in Armour
  8961 | Orc:2    | Entered Level 2 of the Orcish Mines
  8989 | Orc:2    | Noticed an orc warlord
  9158 | D:9      | Noticed a kobold demonologist
  9167 | D:9      | Killed a kobold demonologist
  9168 | D:9      | Reached XP level 11. HP: 72/84 MP: 11/11
  9177 | D:9      | Reached skill level 11 in Armour
  9402 | D:9      | Found a hazy altar of Hepliaklqana.
  9407 | D:9      | Noticed Erica
  9417 | D:9      | Killed Erica
  9593 | D:10     | Entered Level 10 of the Dungeon
  9669 | D:10     | Found Liat's Jewellery Shoppe.
  9672 | D:10     | Found Becakkemm's Weapon Boutique.
  9683 | D:10     | Reached skill level 12 in Armour
  9691 | D:10     | Found Niutoug's Jewellery Shoppe.
  9817 | D:10     | Got the +1 battleaxe "Daplujoc" {freeze, *Corrode Will+
                  | MP+9}
  9893 | D:10     | Reached skill level 13 in Armour
 10042 | D:10     | Found Fuat Wec's Weapon Emporium.
 10051 | D:10     | Identified the amulet of Qirylounat {Spirit rCorr MP+9
                  | Str+4}
 10178 | D:10     | Found Ohargh's General Store.
 10187 | D:10     | Bought a potion of curing for 39 gold pieces
 10669 | D:11     | Found a staircase to the Lair.
 10782 | D:11     | Reached skill level 14 in Armour
 10935 | D:11     | Noticed Vorhees's ghost (journeyman OpSh)
 10935 | D:11     | Noticed a necromancer
 10935 | D:11     | Noticed a lich
 10936 | D:11     | Noticed an ogre mage
 10936 | D:11     | Noticed a skeletal warrior
 11429 | D:11     | Found a runed translucent door.
 11430 | D:11     | Noticed a deep troll earth mage
 11430 | D:11     | Noticed a flayed ghost
 11430 | D:11     | Noticed a skeletal warrior
 11439 | D:11     | Found a runed translucent door.
 11552 | D:11     | Gained Wargath as an ally
 11659 | Lair:1   | Entered Level 1 of the Lair of Beasts
 11793 | Lair:1   | Your ally Wargath died
 11798 | Lair:1   | Reached ****** piety under Beogh
 11799 | Lair:1   | Reached XP level 12. HP: 78/91 MP: 9/12
 11799 | Lair:1   | Noticed a death yak
 11801 | Lair:1   | Noticed a death yak
 11801 | Lair:1   | Gained Agrik as an ally
 11804 | Lair:1   | Noticed a death yak
 11806 | Lair:1   | Killed a death yak
 11807 | Lair:1   | Reached skill level 15 in Armour
 11807 | Lair:1   | Noticed a death yak
 11807 | Lair:1   | Killed a death yak
 11810 | Lair:1   | Killed a death yak
 11815 | Lair:1   | Killed a death yak
 11847 | Lair:1   | Noticed a death yak
 11853 | Lair:1   | Killed a death yak
 11855 | Lair:1   | Reached skill level 16 in Armour
 12063 | Lair:2   | Noticed a four-headed hydra
 12072 | Lair:2   | Killed a seven-headed hydra
 12152 | Lair:2   | Found a gate leading to a gauntlet.
 12167 | Gauntlet | Entered a Gauntlet
 12167 | Gauntlet | Found a transporter.
 12167 | Gauntlet | Found a transporter.
 12167 | Gauntlet | Found a transporter.
 12176 | Gauntlet | Found a transporter.
 12178 | Gauntlet | Found a large runed translucent door.
 12179 | Gauntlet | Found a large runed translucent door.
 12180 | Gauntlet | Found a large runed translucent door.
 12180 | Gauntlet | Found a large runed translucent door.
 12180 | Gauntlet | Found a runed translucent door.
 12180 | Gauntlet | Found a runed translucent door.
 12181 | Gauntlet | Found a large runed translucent door.
 12182 | Gauntlet | Found a large runed translucent door.
 12183 | Gauntlet | Found a large runed translucent door.
 12183 | Gauntlet | Found a large runed translucent door.
 12184 | Gauntlet | Found a runed translucent gate.
 12184 | Gauntlet | Found a runed translucent gate.
 12184 | Gauntlet | Found a runed translucent gate.
 12185 | Gauntlet | Noticed a death scarab
 12186 | Gauntlet | Found a transporter.
 12195 | Gauntlet | Found a large runed translucent door.
 12195 | Gauntlet | Found a large runed translucent door.
 12196 | Gauntlet | Found a large runed translucent door.
 12197 | Gauntlet | Found a large runed translucent door.
 12201 | Gauntlet | Found a transporter.
 12211 | Gauntlet | Found a transporter.
 12226 | Gauntlet | Found a transporter.
 12232 | Gauntlet | Found a transporter.
 12246 | Gauntlet | Found a transporter.
 12255 | Gauntlet | Identified the +3 flail of Harmony {pain, rElec MP+9 Str-3
                  | Dex+3}
 12255 | Gauntlet | Noticed a minotaur
 12263 | Gauntlet | Found a transporter.
 12267 | Gauntlet | Found a transporter.
 12315 | Gauntlet | Found a large runed translucent door.
 12316 | Gauntlet | Found a large runed translucent door.
 12317 | Gauntlet | Found a large runed translucent door.
 12317 | Gauntlet | Found a large runed translucent door.
 12377 | Gauntlet | Noticed a catoblepas
 12384 | Gauntlet | Reached skill level 17 in Armour
 12507 | Gauntlet | Identified the ring of Vuqanki {rC+ EV+5 Stlth+}
 12509 | Gauntlet | Identified the +7 rapier of Charity {vamp, +Blink rF+ rCorr
                  | Str-2}
 12559 | Gauntlet | Identified the amulet of Ykifiz {Faith Slay+2}
 12586 | Gauntlet | Killed a minotaur
 12587 | Gauntlet | Reached skill level 1 in Invocations
 12779 | Gauntlet | Identified the ring "Lavoi" {rCorr Str+2 Int+6}
 12974 | Lair:1   | Gained Beowulf as an ally
 13008 | Lair:1   | Reached XP level 13. HP: 68/96 MP: 14/14
 13238 | Lair:1   | Reached skill level 18 in Armour
 13392 | Lair:1   | Noticed a dire elephant
 13412 | Lair:1   | Found a runed translucent door.
 13780 | Lair:1   | Killed a dire elephant
 14394 | Lair:2   | Identified the +6 dagger of Generosity {drain, rElec rPois
                  | Str+2}
 14767 | Lair:3   | Reached skill level 19 in Armour
 14775 | Lair:3   | Reached skill level 5 in Invocations
 14965 | Lair:3   | Found a staircase to the Swamp.
 14970 | Lair:3   | Gained Borgk as an ally
 15220 | Lair:3   | You fall into a shaft and drop 2 floors!
 15220 | Lair:5   | Entered Level 5 of the Lair of Beasts
 15323 | Lair:5   | Noticed Sonja
 15325 | Lair:5   | Sonja changed into Sonja the blink frog
 15325 | Lair:5   | Noticed Sonja
 15328 | Lair:5   | Killed Sonja the blink frog
 15739 | Lair:5   | Reached skill level 20 in Armour
 15742 | Lair:5   | Reached XP level 14. HP: 77/104 MP: 19/19
 15756 | Abyss:2  | Cast into level 2 of the Abyss (a wizard)
 15778 | Abyss:2  | Reached XP level 15. HP: 49/123 MP: 20/20
 15779 | Abyss:2  | Reached XP level 16. HP: 56/139 MP: 21/21
 16528 | Abyss:2  | Found a corrupted altar of Lugonu.
 16761 | Lair:5   | Escaped the Abyss
 16818 | Lair:5   | Reached skill level 21 in Armour
 17063 | Lair:5   | Found a burning altar of Makhleb.
 17069 | Lair:5   | Found a gateway to Hell.
 17244 | Lair:5   | Identified the +8 morningstar "Tiymn" {freeze, Will+ SInv}
 17825 | Lair:5   | Reached skill level 10 in Invocations
 17944 | Lair:4   | Gained Gorbash as an ally
 18208 | Lair:4   | Found a staircase to the Slime Pits.
 18208 | Lair:4   | Found a viscous altar of Jiyva.
 18285 | Lair:4   | Identified the ring "Xazapn" {rElec rC+ rN+ Int+3}
 18978 | Lair:3   | Found a staircase to the Snake Pit.
 19933 | Orc:2    | Noticed Nergalle
 19947 | Orc:1    | Gained Ortolf as an ally
 20094 | Orc:1    | Gained Blodwig as an ally
 20361 | Orc:2    | Found a staircase to the Elven Halls.
 20399 | Orc:2    | Found a roughly hewn altar of Beogh.
 20402 | Orc:2    | Found Arghitz's General Store.
 20426 | Orc:2    | Found a roughly hewn altar of Beogh.
 20509 | Orc:2    | Bought a scroll of blinking for 75 gold pieces
 20509 | Orc:2    | Bought a scroll of fog for 40 gold pieces
 20509 | Orc:2    | Bought 2 scrolls of identify for 40 gold pieces
 20522 | Orc:2    | Found Jiot's Antique Weapon Emporium.
 20561 | Orc:2    | Found Kyoluh's Antique Armour Emporium.
 20577 | Orc:2    | Found Hidukir's Book Emporium.
 20648 | Orc:2    | Bought a brightly glowing lajatang for 640 gold pieces
 20648 | Orc:2    | Identified the +3 lajatang "Owejusmi" {freeze, MP+9} (You
                  | bought it in a shop on level 2 of the Orcish Mines)
 20664 | Orc:2    | Bought a +2 morningstar of distortion for 220 gold pieces
 20999 | D:13     | Gained Argrim as an ally
 21486 | D:13     | Gained Morbeogh as an ally
 22486 | D:14     | Noticed Josephine
 22498 | D:14     | Killed Josephine
 22940 | D:14     | Gained Borgoth as an ally
 22971 | D:14     | Noticed Nessos
 22980 | D:14     | Gained Boldo as an ally
 22988 | D:14     | Found a gate to the Vaults.
 22994 | D:14     | Noticed Rupert
 22999 | D:14     | Reached XP level 17. HP: 101/150 MP: 24/26
 23008 | D:14     | Your ally Nessos died
 23010 | D:14     | Killed Rupert
 23293 | D:14     | Found a sacrificial altar of Ru.
 23638 | D:15     | Entered Level 15 of the Dungeon
 23832 | D:15     | Found a shadowy altar of Dithmenos.
 23844 | D:15     | Reached skill level 22 in Armour
 24034 | D:15     | Found a huge runed gate.
 24034 | D:15     | Found a huge runed gate.
 24034 | D:15     | Found a huge runed gate.
 24035 | D:15     | Found a huge runed gate.
 24035 | D:15     | Found a huge runed gate.
 24035 | D:15     | Found a huge runed gate.
 24035 | D:15     | Found a huge runed gate.
 24037 | D:15     | Found a huge runed gate.
 24038 | D:15     | Found a huge runed gate.
 24038 | D:15     | Found a huge runed gate.
 24038 | D:15     | Found a huge runed gate.
 24038 | D:15     | Found a huge runed gate.
 24038 | D:15     | Found a huge runed gate.
 24039 | D:15     | Found a huge runed gate.
 24040 | D:15     | Found a huge runed gate.
 24041 | D:15     | Found a huge runed gate.
 24042 | D:15     | Found a huge runed gate.
 24063 | D:15     | Found a huge runed gate.
 24063 | D:15     | Found a huge runed gate.
 24063 | D:15     | Found a huge runed gate.
 24063 | D:15     | Found a huge runed gate.
 24063 | D:15     | Found a huge runed gate.
 24063 | D:15     | Found a huge runed gate.
 24064 | D:15     | Found a huge runed gate.
 24065 | D:15     | Found a huge runed gate.
 24066 | D:15     | Found a huge runed gate.
 24077 | D:15     | Found a staircase to the Depths.
 24340 | D:15     | Found a huge runed gate.
 24340 | D:15     | Found a huge runed gate.
 24340 | D:15     | Found a huge runed gate.
 24343 | D:15     | Found a huge runed gate.
 24344 | D:15     | Found a huge runed gate.
 24344 | D:15     | Found a huge runed gate.
 24344 | D:15     | Found a huge runed gate.
 24344 | D:15     | Found a huge runed gate.
 24346 | D:15     | Found a huge runed gate.
 24354 | D:15     | Found a huge runed gate.
 24661 | D:15     | Noticed WhatIsLove's ghost (journeyman HOMo)
 24661 | D:15     | Noticed Ge0ff's ghost (adept TrHW)
 24661 | D:15     | Noticed WhatIsLove's ghost (journeyman HOMo)
 24661 | D:15     | Noticed Behejivea's ghost (adept DsEE)
 24661 | D:15     | Noticed Koud Lun's ghost (adept DjCj)
 24661 | D:15     | Noticed Guofuxagu's ghost (journeyman TrCA)
 24661 | D:15     | Noticed Koud Lun's ghost (adept DjCj)
 24661 | D:15     | Noticed Kaerphakk's ghost (adept DjCj)
 24661 | D:15     | Noticed Behejivea's ghost (adept DsEE)
 24668 | D:15     | Your ally Boldo died
 24672 | D:15     | Killed Kaerphakk's ghost
 24673 | D:15     | Killed Guofuxagu's ghost
 24673 | D:15     | Killed WhatIsLove's ghost
 24673 | D:15     | Killed Koud Lun's ghost
 24964 | D:14     | Killed Ge0ff's ghost
 24987 | D:15     | Killed Koud Lun's ghost
 25188 | D:15     | Killed Behejivea's ghost
 25210 | D:15     | Killed WhatIsLove's ghost
 25254 | D:15     | Killed Behejivea's ghost
 25255 | D:15     | Reached skill level 5 in Throwing
 25375 | D:15     | Identified a scroll of acquirement
 25376 | D:15     | Acquired the +8 mithril axe "Arga" {speed, Will+}
 25376 | D:15     | Found the +8 mithril axe "Arga" {speed, Will+}
 25432 | Depths:1 | Entered Level 1 of the Depths
 25472 | D:15     | Gained Borgun as an ally
 25557 | Depths:1 | Gained Koronagh as an ally
 25748 | Depths:1 | Found Jatulur's Weapon Boutique.
 25838 | Depths:1 | Found Afuro's Antique Weapon Boutique.
 25899 | Depths:1 | Your ally Borgk died
 25916 | Depths:1 | Found a one-way gateway to a ziggurat.
 26228 | D:15     | Reached skill level 15 in Fighting
 26340 | Depths:1 | Paralysed by a floating eye for 4 turns
 26449 | Depths:1 | Paralysed by a floating eye for 3 turns
 26459 | Depths:1 | Paralysed by a floating eye for 2 turns
 26462 | Depths:1 | Paralysed by a floating eye for 2 turns
 26469 | Depths:1 | Noticed the Enchantress
 26477 | Depths:1 | Killed the Enchantress
 26489 | Depths:1 | Found a one-way gate leading to the halls of Pandemonium.
 26852 | Depths:1 | Found a one-way gate to the infinite horrors of the Abyss.
 27342 | Depths:1 | Reached XP level 18. HP: 107/163 MP: 28/28
 27345 | Depths:1 | Gained Bogwald as an ally
 27964 | Depths:1 | Reached skill level 15 in Invocations
 28065 | Depths:1 | Noticed a lich
 28074 | Depths:1 | Killed a lich
 28095 | Depths:1 | Noticed a juggernaut
 28096 | Depths:1 | Noticed a walking crystal tome
 29113 | Depths:1 | Reached skill level 23 in Armour
 29115 | Depths:1 | Your ally Nergalle died
 29115 | Depths:1 | Gained Blodwig as an ally
 29132 | Depths:1 | HP: 6/163 [tengu reaver/bolt of poison (39)]
 29143 | Depths:1 | Your ally Blodwig died
 29151 | Depths:1 | Reached skill level 1 in Spellcasting
 29500 | Depths:1 | Killed a walking crystal tome
 29557 | Depths:1 | Killed a juggernaut
 29631 | Depths:1 | Identified the +4 spear of Plague {pain, Str+2}
 30003 | Depths:2 | Your ally Bogwald died
 30435 | Depths:2 | Reached skill level 5 in Spellcasting
 32200 | Depths:3 | Noticed a walking crystal tome
 32224 | Depths:3 | Killed a walking crystal tome
 32670 | Depths:3 | Found a runed translucent gate.
 32670 | Depths:3 | Found a runed translucent gate.
 32670 | Depths:3 | Found a runed translucent gate.
 32673 | Depths:3 | Noticed an ancient lich
 32674 | Depths:3 | Noticed inmateoo's ghost (veteran GnVM)
 32758 | Depths:3 | Noticed a quicksilver dragon
 32764 | Depths:3 | Your ally Koronagh died
 32789 | Depths:3 | Noticed a caustic shrike
 32796 | Depths:2 | Killed a caustic shrike
 32799 | Depths:3 | Noticed a quicksilver dragon
 32982 | Depths:2 | Killed a quicksilver dragon
 33028 | Depths:3 | Noticed a caustic shrike
 33035 | Depths:2 | Killed a caustic shrike
 33036 | Depths:2 | Reached XP level 19. HP: 133/170 MP: 29/31
 33209 | Depths:3 | Identified the +5 kite shield of the Cricket {rC+}
 33304 | Depths:3 | Gained Urtork as an ally
 33852 | Depths:3 | Found Odiahity's Jewellery Boutique.
 33853 | Depths:3 | Found Vonib's Book Emporium.
 33855 | Depths:3 | Found Ceumaasu's Jewellery Boutique.
 34078 | Depths:3 | Noticed a golden dragon
 34089 | Depths:3 | Killed a golden dragon
 34256 | Depths:3 | Your ally Blodwig died
 34256 | Depths:3 | Killed inmateoo's ghost
 34257 | Depths:3 | Gained Orkwin as an ally
 34262 | Depths:3 | Killed an ancient lich
 34263 | Depths:3 | Reached skill level 1 in Shields
 34264 | Depths:3 | Mangled by Agrik the orc warlord

Illustrated notes

Levels and vault maps discovered:
D:1:      pf_arrival_petrified_forest, layout_basic, serial_shops,
          nicolae_shop_drivethru, chequers_avenue, minmay_shallow_snake_nest
D:2:      layout_loops_cross, grunt_decor_one_mirror
D:3:      layout_basic, mainiacjoe_overflow_six_doors_small, serial_shops,
          shop_fountains, serial_forest, infiniplex_forest_straight_4,
          infiniplex_forest_side_room, infiniplex_forest_straight_2,
          infiniplex_forest_straight_1, infiniplex_forest_straight_4,
          infiniplex_forest_clump_long, infiniplex_forest_clump_tiny,
          infiniplex_forest_straight_2, infiniplex_forest_straight_4,
          chequers_ecumenical_altar_simple_redux
D:4:      layout_basic, kennysheep_little_box, minmay_temple_entry_waves,
          corexii_hall_statues_t, uniq_menkaure
D:5:      layout_basic, mainiacjoe_overflow_surrounded_room,
          mainiacjoe_overflow_tiny_flanked, serial_co_window_serial,
          co_window_paths_b, co_window_paths_a, co_window_paths_a,
          co_window_of_opportunity_a, co_window_paths_b, co_window_2corner,
          co_window_broadway_a, co_window_corner_b, co_window_broadway_a,
          co_window_broadway_b, co_window_corner_cb, glass_columns_c,
          glass_columns_b, glass_columns_b, glass_columns_a,
          corexii_corridor_pit, uniq_duvessa
D:6:      layout_layer_cave, enter_ossuary_5, minmay_holes,
          minmay_misc_feat_ornament, nicolae_shop_gadgets,
          uniq_crazy_yiuf_cottage
D:7:      layout_rooms, enter_bailey_7, serial_shops,
          nicolae_shop_advertising_works [nicolae_subvault_shop_adworks],
          uniq_joseph
D:8:      layout_rooms, onia_ninara_dug_in_and_dangerous
D:9:      layout_gridville, mainiacjoe_overflow_small_starburst,
          kennysheep_orc_monster_closet_entryway, special_room
          [special_room_kobold], uniq_amaemon, uniq_erica
D:10:     minmay_coctagon, layout_loops_cross, serial_shops,
          nicolae_stop_n_shop_1, shop, shop, shop, shop
D:11:     layout_basic, grunt_lair_entry_orc_guard_hut,
          muffindrake_ghost_dual_entry
D:12:     layout_loops_ring
D:13:     layout_small_grid, nicolae_looking_at_the_future
D:14:     layout_loops_ring, david_vaults_3, nrook_pool_corridor,
          nicolae_ru_awakened_eye, uniq_josephine
D:15:     hangedman_depths_entry_civil_slaughter, layout_loops_ring,
          nicolae_dithmenos_the_darkroom, gammafunk_ghost_door_vault
Lair:1:   gammafunk_lair_enchanted_lake, layout_regular_city
Lair:2:   beast_lair_carwin_large_2, layout_chaotic_city,
          gauntlet_entry_generic, minmay_shattered_shrine
Lair:3:   layout_cave_pods, minmay_swamp_entry_worms,
          guppyfry_snake_entry_island
Lair:4:   layout_small_grid, slime_entry_1, infiniplex_staircase_pool_2,
          grunt_megastairs_4
Lair:5:   evil_forest, layout_cellular_growth, lemuel_fruit_fields, uniq_sonja
Orc:1:    layout_caves, nicolae_orc_damp_corner
Orc:2:    grunt_orc_cross, layout_caves, basic_altar
Depths:1: minmay_triangles_in_corner, layout_honeycomb, enter_ziggurat_d,
          grunt_mini_vestibule, abyss_entry, solitary_fountain, pan_entry,
          kennysheep_four_rooms, minmay_shop_star, uniq_enchantress
Depths:2: kennysheep_ogre_elephant_herders, layout_honeycomb,
          rand_demon_pan_entry_5, hell_entry, dk_noncrumbling_2,
          infiniplex_staircase_star, grunt_megastairs_2
Depths:3: hangedman_cross_veins, layout_cave_pools, minmay_strange_pillars,
          gammafunk_ghost_necromancy, rand_demon_pan_entry_4, abyss_entry,
          hell_entry, minmay_shop_grove, minmay_staircase_statues,
          serial_bayou_shore_b

Skill      XL: |  1  2  3  4  5  6  7  8  9 10 11 12 13 14 15 16 17 18 19 |
---------------+----------------------------------------------------------+-----
Axes           | 5 6 7 8 9 12 14 16 17 18 | 18.1
Fighting       | 4 8 11 13 15 | 15.1
Throwing       | 3 4 5 6 |  6.0
Armour         | 5 10 14 17 20 21 22 23 | 23.0
Invocations    | 2 7 12 14 15 | 15.1
Spellcasting   | 8 9 |  9.1
Shields        | 1 |  1.2
Dodging        | |  2.4

Action                     |  1- 3 |  4- 6 |  7- 9 | 10-12 | 13-15 | 16-18 | 19-21 || total
---------------------------+-------+-------+-------+-------+-------+-------+-------++-------
  Melee: Hand axe          |    83 |   150 |    96 |       |       |       |       ||   329
         War axe           |       |       |   187 |   305 |   248 |   682 |       ||  1422
         Trident           |       |       |       |     3 |       |       |       ||     3
         Broad axe         |       |       |       |       |       |   384 |    63 ||   447
  Throw: Dart              |       |       |     5 |     3 |       |     2 |       ||    10
         Javelin           |       |       |     2 |       |       |       |       ||     2
         Boomerang         |       |       |       |       |       |    31 |     3 ||    34
 Invoke: Convert to Beogh  |       |       |     1 |       |       |       |       ||     1
         Recall Orcish Fol |       |       |     1 |    34 |     9 |    97 |     8 ||   149
         Stop Recall       |       |       |       |    11 |     4 |    30 |     4 ||    49
         Smiting           |       |       |       |     4 |       |     8 |     5 ||    17
         Give Item to Name |       |       |       |       |       |     2 |       ||     2
         Resurrection      |       |       |       |       |       |     2 |       ||     2
  Evoke: Wand              |       |       |     2 |     5 |     1 |    13 |       ||    21
    Use: Scroll            |       |     5 |     6 |     7 |     3 |    13 |     7 ||    41
         Potion            |       |       |     4 |     4 |     2 |     9 |       ||    19
   Stab: Distracted        |       |       |     1 |     5 |     5 |    24 |     1 ||    36
         Confused          |       |       |       |     1 |       |     1 |       ||     2
 Armour: Robe              |    24 |       |    86 |       |       |       |       ||   110
         Ring mail         |    17 |    86 |    23 |       |       |       |       ||   126
         Crystal plate arm |       |       |    57 |   392 |   208 |   931 |    57 ||  1645
         Skin              |       |       |       |    10 |       |       |       ||    10
         Gold dragon scale |       |       |       |       |       |       |    18 ||    18
  Dodge: Dodged            |    47 |    73 |   108 |   126 |   190 |   781 |    46 ||  1371
  Block: Kite shield       |       |       |       |       |       |       |    10 ||    10

Table legend: (Time is in decaauts)
 A = Elapsed time spent in this place.
 B = Non-inter-level travel time spent in this place.
 C = Inter-level travel time spent in this place.
 D = Time resting spent in this place.
 E = Time spent auto-exploring this place.
 F = Levels seen in this place.
 G = Mean time per level.
                   A        B        C        D        E       F      G
               +--------+--------+--------+--------+--------+-----+--------+
         Total |  33819 |  32607 |   1212 |   3747 |  20661 |  29 | 1166.2 |
       Dungeon |  15819 |  15227 |    592 |    830 |  10854 |  15 | 1054.6 |
          Lair |   6176 |   5882 |    294 |    247 |   4365 |   5 | 1235.2 |
  Orcish Mines |   1325 |   1157 |    168 |     90 |    702 |   2 |  662.5 |
        Depths |   8253 |   8096 |    157 |   1731 |   4329 |   3 | 2751.0 |
         Abyss |    951 |    951 |      0 |    590 |     32 |   1 |  951.0 |
       Ossuary |    155 |    155 |      0 |      0 |     89 |   1 |  155.0 |
        Bailey |    522 |    522 |      0 |    145 |     21 |   1 |  522.0 |
      Gauntlet |    614 |    614 |      0 |    113 |    269 |   1 |  614.0 |
               +--------+--------+--------+--------+--------+-----+--------+

Top non-repeatable levels by time:
Depths:1: 3816 daAuts
Depths:2: 2451 daAuts
Depths:3: 1984 daAuts
    D:15: 1770 daAuts
  Lair:5: 1659 daAuts
    D:14: 1573 daAuts
     D:6: 1340 daAuts
    D:11: 1329 daAuts
     D:5: 1310 daAuts
  Lair:2: 1290 daAuts
  Lair:1: 1281 daAuts
     D:1: 1160 daAuts
     D:9: 1126 daAuts
  Lair:4: 1002 daAuts
    D:10: 961 daAuts
